 Dungeon Sprint DCSS version 0.30-a0-219-gf2db51d15e (webtiles) character file.

Game seed: 11955961018387644256

107 mhtbhm the Slasher (level 4, -1/37 HPs)
             Began as a Barachi Reaver on Oct 7, 2022.
             Slain by Sigmund
             ... wielding a +0 scythe
              (9 damage)
             ... in the Dungeon (Sprint I: "Red Sonja").
             The game lasted 00:00:42 (151 turns).

mhtbhm the Slasher (Barachi Reaver)                  Turns: 151, Time: 00:00:44

Health: -1/37      AC:  3    Str: 16    XL:     4   Next: 85%
Magic:  9/9        EV: 12    Int: 13    God:
Gold:   54         SH:  0    Dex: 10    Spells: 9/10 levels left

rFire   . . .      SeeInvis .    a - +0 falchion
rCold   . . .      Faith    .    (no shield)
rNeg    . . .      Spirit   .    b - +0 leather armour
rPois   .          Reflect  .    (no helmet)
rElec   .          Harm     .    (no cloak)
rCorr   .          Rampage  .    (no gloves)
Will    .....      NoTele   +    (no boots)
Stlth   ..........               (no amulet)
HPRegen 0.26/turn                (no ring)
MPRegen 0.11/turn                (no ring)

@: confused, slow
A: amphibious, slowness 1, strong legs 1, +LOS
a: Hop


You were in the Dungeon.
You visited 1 branch You collected 54 gold pieces.

Inventory:

Hand Weapons
 a - a +0 falchion (weapon)
Armour
 b - a +0 leather armour (worn)
Wands
 g - a wand of flame (28)
Scrolls
 h - a scroll of blinking
Potions
 f - 2 potions of magic


   Skills:
 + Level 3.7 Fighting
 + Level 7.9 Long Blades
 + Level 0.8 Armour
 + Level 3.5 Dodging
 + Level 3.6 Spellcasting
 + Level 6.3 Conjurations
 + Level 0.2 Evocations


You had 9 spell levels left.
You knew the following spells:

 Your Spells              Type           Power      Damage    Failure   Level
a - Kiss of Death         Conj/Necr      40%        2d8       7%          1

Your spell library contained the following spells:

 Spells                   Type           Power      Damage    Failure   Level
 Momentum Strike          Conj/Tloc      20%        3d8       11%         2
 Hailstorm                Conj/Ice       10%        3d5       22%         3


Dungeon Overview and Level Annotations

Branches:
Dungeon (1/1)

Altars:

Annotations:
D Sigmund


Innate Abilities, Weirdness & Mutations

You are amphibious.
You cover ground slowly.
You can hop short distances.
You have an extended range of vision and can be seen from far away.


Message History

Unknown command.
You bump into the rock wall.
Sigmund barely misses you.
You bump into the rock wall.
You slash Sigmund!
Sigmund is moderately wounded.
Sigmund barely misses you.
You closely miss Sigmund.
Sigmund is moderately wounded.
Sigmund hits you with a +0 scythe!
You hit Sigmund.
Sigmund is heavily wounded.
Sigmund hits you with a +0 scythe! Sigmund barely misses you.
You bump into the rock wall.
Sigmund gestures at you while chanting.
You are more confused.
Sigmund barely misses you.
There is an open door here.
Sigmund casts a spell.
Sigmund flickers and vanishes!
Deactivating autopickup; reactivate with Ctrl-A.
You miss something.
You hear a zap.
A bolt of light appears from out of thin air!
The bolt of light misses you. Something barely misses you.
You bump into the rock wall.
You bump into the stone wall.
You hear some strange, mumbled words.
You are more confused.
You bump into the stone wall.
Something hits you.
Unknown command.
You miss something. Something hits you!
Unknown command.
You miss something. You closely miss something.
Something hits you but does no damage. Something hits you!
* * * LOW HITPOINT WARNING * * *
You bump into the rock wall.
You bump into the rock wall.
Something hits you!
You die...

#############
#<.#..'..#..+
#..').#..'@{#
#..#####'####
#..# #..#
#..# ####
#.)# #⌠⌠#
####


There were no monsters in sight!

Vanquished Creatures
  An ogre (D)
  Ijyb (D)
2 creatures vanquished.

Notes
Turn   | Place    | Note
-------+----------+-------------------------------------------
     0 | D        | mhtbhm the Barachi Reaver began the quest for the Orb.
     0 | D        | Reached XP level 1. HP: 17/17 MP: 3/3
     2 | D        | Noticed Ijyb
     7 | D        | Killed Ijyb
     8 | D        | Reached skill level 5 in Long Blades
     8 | D        | Reached XP level 2. HP: 21/24 MP: 3/5
     8 | D        | Reached XP level 3. HP: 25/29 MP: 4/7
    54 | D        | Noticed an ogre
    67 | D        | Killed an ogre
    68 | D        | Reached skill level 7 in Long Blades
    68 | D        | Reached XP level 4. HP: 31/37 MP: 5/9
   125 | D        | Noticed Sigmund
   151 | D        | Slain by Sigmund

Illustrated notes

Levels and vault maps discovered:
D:        dungeon_sprint_1 [red_sonja_temple_1, red_sonja_temple_small_1]

Skill      XL: |  1  2  3 |
---------------+----------+-----
Fighting       | 3 |  3.7
Long Blades    | 5 7 |  7.9
Conjurations   | 4 6 |  6.3
Dodging        | 3 |  3.5
Spellcasting   | 3 |  3.6
Armour         | |  0.8
Evocations     | |  0.2

Action                   |  1- 3 |  4- 6 || total
-------------------------+-------+-------++-------
Melee: Falchion          |     4 |     7 ||    11
 Cast: Kiss of Death     |     1 |       ||     1
Evoke: Wand              |     2 |       ||     2
  Use: Potion            |     2 |     2 ||     4
Armor: Leather armour    |       |     1 ||     1
Dodge: Dodged            |     2 |     7 ||     9

Table legend: (Time is in decaauts)
 A = Elapsed time spent in this place.
 B = Non-inter-level travel time spent in this place.
 C = Inter-level travel time spent in this place.
 D = Time resting spent in this place.
 E = Time spent auto-exploring this place.
 F = Levels seen in this place.
 G = Mean time per level.
                   A        B        C        D        E       F      G
               +--------+--------+--------+--------+--------+-----+--------+
         Total |    149 |    149 |      0 |     72 |      0 |   1 |  149.0 |
       Dungeon |    149 |    149 |      0 |     72 |      0 |   1 |  149.0 |
               +--------+--------+--------+--------+--------+-----+--------+

Top non-repeatable levels by time:
       D: 149 daAuts
